 Dungeon Crawl Stone Soup version 0.28.0-49-g6dfe1f597d (webtiles) character file.

Game seed: 719247665304417338

241 acdeimund the Conjurer (level 5, -4/28 HPs)
             Began as a Deep Elf Conjurer on May 17, 2022.
             Killed by nerve-wracking pain
             ... invoked by an orc priest
              (8 damage)
             ... on level 4 of the Dungeon.
             The game lasted 00:10:42 (3095 turns).

acdeimund the Conjurer (Deep Elf Conjurer)          Turns: 3095, Time: 00:10:43

Health: -4/28      AC:  3    Str:  4    XL:     5   Next: 80%
Magic:  7/12       EV: 12    Int: 25    God:
Gold:   112        SH:  0    Dex: 13    Spells: 3/10 levels left

rFire   . . .      SeeInvis .   g - +1 dagger (flame)
rCold   . . .      Faith    .   (no shield)
rNeg    . . .      Spirit   .   a - +1 robe
rPois   .          Reflect  .   (no helmet)
rElec   .          Harm     .   (no cloak)
rCorr   .          Rampage  .   (no gloves)
Will    .....                   (no boots)
Stlth   ++........              (no amulet)
HPRegen 0.09/turn               (no ring)
MPRegen 0.13/turn               (no ring)

@: no status effects
A: no striking features
a: no special abilities


You were on level 4 of the Dungeon.
You visited 1 branch of the dungeon, and saw 4 of its levels.

You collected 112 gold pieces.

Inventory:

Hand Weapons
 c - a +0 dagger
 g - a +1 dagger of flaming (weapon)
 l - a +1 whip of pain
Armour
 a - a +1 robe (worn)
Scrolls
 f - a scroll of teleportation
 i - a scroll of enchant weapon {unknown}
 k - a scroll of identify
Potions
 b - 2 potions of ambrosia
 d - a potion of heal wounds {unknown}
 e - a potion of flight {unknown}
 h - 3 potions of mutation {unknown}
 j - a potion of magic {unknown}


   Skills:
 - Level 2.4 Dodging
 - Level 2.4 Stealth
 + Level 3.4 Spellcasting
 - Level 6.2 Conjurations
 + Level 4.2 Translocations


You had 3 spell levels left.
You knew the following spells:

 Your Spells              Type           Power      Damage    Failure   Level
a - Magic Dart            Conj           100%       1d8       1%          1
b - Searing Ray           Conj           70%        2d7       1%          2
c - Iskenderun's Mystic   Conj/Tloc      30%        2d8       11%         4

Your spell library contained the following spells:

 Spells                   Type           Power      Damage    Failure   Level
 Dazzling Flash           Conj/Hex       38%        N/A       9%          3
 Fulminant Prism          Conj/Hex       9%         3d7       26%         4


Dungeon Overview and Level Annotations

Branches:
Dungeon (4/15)
 Temple: D:4-7

Altars:
Fedhas

Shops:
D:1 *


Message History

The orc wizard is heavily wounded. (Press . to maintain the ray.)
The orc wizard casts a spell.
The orc wizard flickers and vanishes!
Deactivating autopickup; reactivate with Ctrl-A.
The searing ray hits something.
The searing ray hits the orc.
The orc is almost dead.
The searing ray hits the orc!
You kill the orc!
The searing ray hits something.
The searing ray hits something.
Reactivating autopickup.
You feel a bit more experienced.
You finish channelling your searing ray.
You start resting.
An orc priest is nearby!
The orc priest invokes the aid of Beogh against you.
Beogh smites you!
Sorry, you're not good enough to have a special ability.
Unknown command.
Sorry, you're not good enough to have a special ability.
Unknown command.
Casting: Searing Ray (safe; 1% risk of failure)
Confirm with . or Enter, or press ? or * to list all spells.
Aiming: Searing Ray (safe; 1% risk of failure)
Press: ? - help, Shift-Dir - straight line, f - orc priest
Aim: an orc priest, wielding a +0 club (81% to hit)
The searing ray misses the orc priest. (Press . to maintain the ray.)
The orc priest mumbles some strange prayers to Beogh against you.
Beogh smites you!
* * * LOW HITPOINT WARNING * * *
The searing ray hits the orc priest!
The orc priest is heavily wounded.
The orc priest casts a cantrip, but nothing happens.
The searing ray hits the orc priest!
The orc priest is almost dead.
The orc priest calls down the wrath of Beogh upon you.
Pain shoots through your body!
You die...

##### ... ..$ #
#######.##.#
.........o.#
########.####..#
#<...@)o........
########.#####.#
#..! #####


You could see an orc priest.

Vanquished Creatures
  3 jellies (D:3)
  An orc wizard (D:4)
  3 adders
  A worm (D:3)
  A dart slug (D:1)
  8 orcs
  7 ball pythons
  2 bats (D:2)
  15 endoplasms
  3 giant cockroaches (D:2)
  5 goblins
  8 hobgoblins
  9 jackals
  7 kobolds (D:3)
  A quokka (D:2)
  2 frilled lizards
  6 rats
82 creatures vanquished.

Vanquished Creatures (others)
  A fungus (D:3)
  7 toadstools (D:3)
8 creatures vanquished.

Grand Total: 90 creatures vanquished

Notes
Turn   | Place    | Note
-------+----------+-------------------------------------------
     0 | D:1      | acdeimund the Deep Elf Conjurer began the quest for the
                  | Orb.
     0 | D:1      | Reached XP level 1. HP: 10/10 MP: 6/6
   239 | D:1      | Reached XP level 2. HP: 15/15 MP: 0/8
   331 | D:1      | Reached skill level 5 in Conjurations
   334 | D:1      | Learned a level 2 spell: Searing Ray
   585 | D:1      | Found a faded altar of an unknown god.
   667 | D:1      | Reached XP level 3. HP: 19/19 MP: 5/9
   782 | D:1      | Found Upagef's General Store.
  1234 | D:2      | Reached skill level 6 in Conjurations
  1882 | D:3      | Found a blossoming altar of Fedhas.
  2081 | D:3      | Reached XP level 4. HP: 24/24 MP: 5/10
  2134 | D:3      | Learned a level 4 spell: Iskenderun's Mystic Blast
  2273 | D:3      | Reached skill level 1 in Translocations
  2659 | D:3      | Reached XP level 5. HP: 28/28 MP: 6/11
  3095 | D:4      | Killed from afar by an orc priest

Illustrated notes

Levels and vault maps discovered:
D:1:      ncdulo_lavacross, layout_rooms, hellmonk_ecumenical_altar_blasted,
          serial_shops, nicolae_shop_trees, corexii_leaking_fountain
D:2:      layout_loops_ring, chequers_mini_garden
D:3:      cheibrodos_fertilizer, layout_basic, fedhas_ov_isle_minmay
D:4:      layout_basic

Skill      XL: |  1  2  3  4  5 |
---------------+----------------+-----
Conjurations   | 5 6 |  6.2
Translocations | 3 4 |  4.2
Dodging        | |  2.4
Stealth        | |  2.4
Spellcasting   | |  3.4

Action                   |  1- 3 |  4- 6 || total
-------------------------+-------+-------++-------
 Cast: Magic Dart        |    80 |    49 ||   129
       Searing Ray       |     1 |     6 ||     7
  Use: Scroll            |     4 |       ||     4
Armor: Robe              |     1 |     1 ||     2
Dodge: Dodged            |     3 |     4 ||     7
